Map: Ultralove

Players

Hibiki

  • Race: Zerg Zerg
  • League: Platinum
  • Spawn Location: 1:00

llllllllllll - Winner!

  • Race: Terran Terran
  • League: Gold
  • Spawn Location: 7:00

VOD

Have the link to the VOD?

Description

Time

  • Played on: April 24, 2025, 10:35 a.m.
  • Length: 3:02
Show
View Real Time Build Order
Export as new Build Order

Hibiki Zerg 

Build Orders: Hatch First 

Get SALT Encoding   

  12  0:00  Drone  
  13  0:15  Drone  
  13  0:21  Drone, Extractor  
  13  0:27  Overlord  
  15  0:51  Hatchery  
  15  0:52  Drone  
  15  1:00  Drone  
  16  1:15  Spawning Pool  
  15  1:21  Extractor  
  14  1:28  Drone x3  
  17  1:54  Overlord  
  17  2:10  Spine Crawler  
  17  2:12  Queen  
  18  2:16  Spine Crawler  
  17  2:31  Zergling x6  
Show
View Real Time Build Order
Export as new Build Order

llllllllllll Terran - Winner!

Build Orders:  

Get SALT Encoding   

  12  0:00  SCV  
  13  0:12  SCV  
  14  0:19  Supply Depot  
  14  0:24  SCV  
  15  0:41  Barracks  
  15  0:52  Barracks  
  15  1:05  Barracks  
  15  1:28  Marine  
  15  1:29  Barracks  
  16  1:38  Marine  
  17  1:40  Supply Depot  
  17  1:46  Marine  
  18  1:51  Marine  
  19  1:57  Marine  
  20  2:04  Marine  
  21  2:09  Marine  
  21  2:14  Marine  
  23  2:19  Marine  
  23  2:21  Marine  
  25  2:27  Marine  
  26  2:32  Marine  
  27  2:37  Marine  
  27  2:39  Marine  
Tags
 
Matchup
TvZ
Replay Pack
kreditionep1
Spawn Locations
Cross Positions
Add a new tag
Caveats
  • Supply blocks, unpowered buildings, or Contaminate may cause inaccurate times.
  • Supply counts are checked every 10 seconds.